 Dungeon Crawl Stone Soup version 0.30.0 (webtiles) character file.

Game seed: 8046139120629550057

10693 Kaboulah the Fighter (level 11, -4/104 (123) HPs)
             Began as an Ogre Gladiator on May 6, 2023.
             Was a High Priest of Nemelex Xobeh.
             Slain by a hell rat (12 damage)
             ... on level 1 of the Lair of Beasts on May 7, 2023.
             The game lasted 01:45:27 (10980 turns).

Kaboulah the Fighter (Ogre Gladiator)              Turns: 10980, Time: 01:45:28

HP:   -4/104 (123)  AC:  4    Str: 24    XL:     11   Next: 66%
MP:   13/15         EV: 11    Int:  9    God:    Nemelex Xobeh [*****.]
Gold: 647           SH:  0    Dex: 10    Spells: 10/10 levels left

rFire   + . .        M - +2 whip (elec)
rCold   . . .        (no shield)
rNeg    . . .        J - +0 robe {rF+}
rPois   +            c - +0 hat
rElec   .            y - +0 cloak {rCorr}
rCorr   +            (gloves unavailable)
SInv    .            (boots unavailable)
Will    ++...        (no amulet)
Stlth   +            H - ring of willpower
HPRegen 0.37/turn    n - ring of poison resistance
MPRegen 0.14/turn

%: no passive effects
@: about to teleport, heavily drained
A: large, unfitting armour, tough skin 1
a: Renounce Religion, Draw Escape, Draw Destruction, Draw Summoning, Triple
Draw, Deal Four, Stack Five


You were on level 1 of the Lair of Beasts.
You worshipped Nemelex Xobeh.
Nemelex Xobeh was extremely pleased with you.
You visited 3 branches of the dungeon, and saw 12 of its levels.

You collected 647 gold pieces.

Inventory:

Hand Weapons
 a - a +0 war axe
 E - a +0 halberd
 M - a +2 whip of electrocution (weapon)
Missiles
 d - 2 throwing nets
 e - 4 large rocks (quivered)
 s - 8 boomerangs
Armour
 c - a +0 hat (worn)
 x - +0 fire dragon scales
 y - a +0 cloak of preservation (worn)
 J - a +0 robe of fire resistance (worn)
Jewellery
 n - a ring of poison resistance (right hand)
 o - a ring of see invisible
 z - a ring of willpower
 H - a ring of willpower (left hand)
 I - a ring of flight
Wands
 b - a wand of digging (8)
 i - a wand of flame (22)
 w - a wand of roots (16)
Scrolls
 h - 3 scrolls of teleportation
 j - 2 scrolls of vulnerability {unknown}
 m - 3 scrolls of immolation
 t - a scroll of brand weapon {unknown}
 u - a scroll of fear {unknown}
 A - a scroll of torment {unknown}
 B - 4 scrolls of fog
 C - 3 scrolls of enchant weapon
 F - a scroll of summoning {unknown}
 K - 2 scrolls of blinking {unknown}
 L - a scroll of enchant armour {unknown}
Potions
 f - 4 potions of might
 g - 2 potions of flight
 k - a potion of berserk rage {unknown}
 l - 2 potions of heal wounds
 p - 4 potions of haste
 q - a potion of ambrosia
 r - 8 potions of curing
 v - a potion of degeneration {unknown}
 D - 2 potions of lignification
 G - 2 potions of brilliance


   Skills:
 * Level 12.2 Fighting
 - Level 10.2(10.4) Axes
 + Level 2.9(6.6) Maces & Flails
 * Level 8.8 Throwing
 - Level 3.0 Armour
 * Level 5.3 Dodging
 * Level 5.5 Invocations


You had 10 spell levels left.
You didn't know any spells.
Your spell library contained the following spells:

 Spells                   Type           Power      Damage    Failure   Level
 Blink                    Tloc           0%         N/A       52%         2
 Lesser Beckoning         Tloc           0%         N/A       52%         2
 Momentum Strike          Conj/Tloc      0%         3d8       52%         2
 Call Canine Familiar     Summ           0%         N/A       77%         3
 Gell's Gravitas          Tloc           0%         N/A       77%         3
 Portal Projectile        Hex/Tloc       0%         N/A       77%         3
 Teleport Other           Tloc           0%         N/A       77%         3
 Anguish                  Hex/Necr       0%         N/A       99%         4
 Iskenderun's Mystic Bla  Conj/Tloc      0%         2d3       99%         4
 Leda's Liquefaction      Hex/Erth       0%         N/A       99%         4
 Dispersal                Tloc           0%         N/A       100%        6
 Enfeeble                 Hex            0%         N/A       100%        7
 Disjunction              Tloc           0%         N/A       100%        8


Dungeon Overview and Level Annotations

Branches:
Dungeon (9/15)             Temple (1/1) D:6            Lair (2/5) D:9
    Orc (0/2) D:9
  Swamp: Lair:2-3    Shoals: Lair:2-3     Snake: Lair:2-3    Spider: Lair:2-3

Altars:
Makhleb
Nemelex Xobeh
Sif Muna

Shops:
D:6 [   D:8 [


Innate Abilities, Weirdness & Mutations

You are too large for most types of armour.
You have tough skin. (AC +1)


Message History

You feel resistant to fire.
You climb downwards.
You hear a distant snort.
Hark!
There is a gateway to a gauntlet on this level.
Find the entrance quickly before the gate is sealed!
The wolf howls!
You hear an angry hiss.
The hell rat bites you but does no damage.
The hell rat closely misses you. The hell rat bites you!
The hell rat bites you.
There is a stone staircase leading up, spattered with blood here.
The hell rat bites you! x2; The hell rat bites you!!
You feel drained. The hell rat bites you!
You feel drained. The hell rat bites you.
You feel drained.
You climb upwards.
There is a stone staircase leading down here.
Okay, then.
You draw... (choose one card, ? for their descriptions) a - Vitriol b - Degeneration c - Vitriol You have drawn Vitriol.
Press: ? - help, Shift-Dir - straight line, f - hell rat
Aim: a hell rat The bolt of acid hits the hell rat!
The hell rat is severely wounded.
The hell rat bites you but does no damage.
The hell rat closely misses you. The hell rat bites you!
You feel drained. The hell rat misses you. The hell rat bites you!
* * * LOW HITPOINT WARNING * * *
You feel drained.
* * * LOW HITPOINT WARNING * * *
As you read the scroll of teleportation, it crumbles to dust.
You feel strangely unstable.
The hell rat bites you but does no damage.
The hell rat bites you.
* * * LOW HITPOINT WARNING * * *
You feel drained.
* * * LOW HITPOINT WARNING * * *
The hell rat bites you!
You die...
Your body glows with a rainbow of weird colours and disappears.

..# ##....## ..# #....## ### ..#
##....####.# ..# #....##...###
.## ##.........P# # .P#
##.........#### .##
#......#.####.# .#
##########.............. .###
#####.#.#.r@r...............
...###.........rrr...............
.†...............................
...........^.....................
.................................
.................................
##...............................
P###.............................
.# #...#######...................


You could see 5 hell rats.

Vanquished Creatures
  A two-headed ogre (D:9)
  6 elephants
  A rime drake (Lair:1)
  3 cane toads
  A komodo dragon (Lair:1)
  A polar bear (D:9)
  A queen bee (D:8)
  A blink frog (D:8)
  A raiju (D:8)
  15 yaks
  A human (D:8)
  A basilisk (Lair:1)
  3 wargs (D:9)
  An acid dragon (D:9)
  2 water moccasins
  2 black bears (D:5)
  A sky beast (D:7)
  3 centaurs
  3 phantoms
  4 kobold brigands
  A bullfrog (Lair:1)
  2 scorpions
  5 wights
  A ballistomycete (D:8)
  9 killer bees
  2 howler monkeys (D:8)
  2 orc priests
  5 hounds (D:5)
  A sleepcap (D:6)
  2 iguanas (D:5)
  7 orc wizards
  6 adders
  A shadow imp (D:7)
  4 ufetubi
  2 worms (D:2)
  2 dart slugs
  29 orcs
  8 endoplasms
  2 giant cockroaches
  7 goblins
  4 hobgoblins
  4 jackals
  26 kobolds
  3 quokkas
  10 ball pythons
  4 bats
  4 frilled lizards
  8 rats
  A ballistomycete spore (D:8)
214 creatures vanquished.

Vanquished Creatures (collateral kills)
  The ghost of Huckebein the Chopper, an amateur HOMo (D:3)
  A kobold brigand (D:3)
  4 kobolds (D:3)
6 creatures vanquished.

Vanquished Creatures (others)
  A sky beast (D:8)
  4 ballistomycete spores (D:8)
  A fungus (Lair:2)
  6 plants
12 creatures vanquished.

Grand Total: 232 creatures vanquished

Notes
Turn   | Place    | Note
-------+----------+-------------------------------------------
     0 | D:1      | Kaboulah the Ogre Gladiator began the quest for the Orb.
     0 | D:1      | Reached XP level 1. HP: 22/22 MP: 1/1
    89 | D:1      | Reached XP level 2. HP: 17/29 MP: 2/2
   554 | D:1      | Reached XP level 3. HP: 36/36 MP: 3/3
   583 | D:1      | Found a faded altar of an unknown god.
   590 | D:1      | Prayed at the altar of an unknown god.
   590 | D:1      | Became a worshipper of Nemelex Xobeh the Trickster
   590 | D:1      | Reached * piety under Nemelex Xobeh
   757 | D:2      | Received a gift from Nemelex Xobeh
   881 | D:2      | Reached skill level 3 in Fighting
  1123 | D:2      | Identified the +1 cloak of Shielding {Str-4 Int+7}
  1311 | D:2      | Reached ** piety under Nemelex Xobeh
  1687 | D:3      | Reached XP level 4. HP: 20/40 MP: 4/4
  1821 | D:3      | Found a runed translucent gate.
  1824 | D:3      | Found a runed translucent gate.
  1824 | D:3      | Noticed Huckebein's ghost (amateur HOMo)
  1825 | D:3      | Found a runed translucent gate.
  1825 | D:3      | Noticed a kobold brigand
  1854 | D:3      | Killed Huckebein's ghost
  1855 | D:3      | Reached skill level 4 in Fighting
  1855 | D:3      | Reached XP level 5. HP: 44/54 MP: 5/5
  1856 | D:3      | Killed a kobold brigand
  1857 | D:3      | Reached skill level 5 in Axes
  1858 | D:3      | Reached XP level 6. HP: 53/63 MP: 6/6
  2390 | D:3      | Received a gift from Nemelex Xobeh
  2928 | D:4      | Found a shimmering blue altar of Sif Muna.
  3167 | D:4      | Reached *** piety under Nemelex Xobeh
  3469 | D:5      | Entered Level 5 of the Dungeon
  3469 | D:5      | Received a gift from Nemelex Xobeh
  3494 | D:5      | Noticed a black bear
  3552 | D:5      | Killed a black bear
  3553 | D:5      | Reached skill level 5 in Fighting
  3553 | D:5      | Reached XP level 7. HP: 68/72 MP: 7/7
  3583 | D:5      | Reached skill level 1 in Armour
  3586 | D:5      | Found a burning altar of Makhleb.
  3588 | D:5      | Noticed an Executioner
  3592 | D:5      | Noticed an orange demon
  3592 | D:5      | Noticed an orange demon
  3881 | D:5      | Reached skill level 6 in Fighting
  3881 | D:5      | Reached XP level 8. HP: 37/80 MP: 8/8
  5054 | D:6      | Received a gift from Nemelex Xobeh
  5183 | D:6      | Found a staircase to the Ecumenical Temple.
  5198 | Temple   | Entered the Ecumenical Temple
  5537 | D:6      | Found Surph's Antique Armour Shop.
  6143 | D:6      | Reached skill level 7 in Fighting
  6514 | D:6      | Reached XP level 9. HP: 54/93 MP: 9/9
  6713 | D:6      | Reached skill level 5 in Throwing
  6970 | D:7      | Reached **** piety under Nemelex Xobeh
  7003 | D:7      | Reached skill level 8 in Fighting
  7176 | D:7      | Identified the +3 plate armour of Serendipity {Will- Str+3
                  | Int+3 SInv}
  7604 | D:7      | Received a gift from Nemelex Xobeh
  7941 | D:8      | Reached skill level 9 in Fighting
  7976 | D:8      | Found Henuliqa's Armour Shop.
  8070 | D:8      | Reached skill level 1 in Invocations
  8239 | D:8      | a yak changed into a queen bee
  8239 | D:8      | Noticed a queen bee
  8243 | D:8      | Killed a queen bee
  8244 | D:8      | Reached XP level 10. HP: 63/109 MP: 11/11
  8539 | D:9      | Got Golubria's Quarto of Dislocation
  8601 | D:9      | Found a staircase to the Lair.
  8613 | D:9      | Reached skill level 10 in Fighting
  8629 | D:9      | Reached ***** piety under Nemelex Xobeh
  8629 | D:9      | Received a gift from Nemelex Xobeh
  8692 | D:9      | Noticed a two-headed ogre
  8694 | D:9      | Killed a two-headed ogre
  9103 | D:9      | Found a staircase to the Orcish Mines.
  9214 | Lair:1   | Entered Level 1 of the Lair of Beasts
  9224 | Lair:1   | Noticed an elephant
  9226 | Lair:1   | Noticed an elephant
  9227 | Lair:1   | Noticed an elephant
  9246 | Lair:1   | Killed an elephant
  9270 | D:9      | Reached skill level 10 in Axes
  9270 | D:9      | Killed an elephant
  9271 | D:9      | Killed an elephant
  9272 | D:9      | Reached skill level 11 in Fighting
  9500 | Lair:1   | Received a gift from Nemelex Xobeh
  9522 | Lair:1   | Reached skill level 1 in Maces & Flails
  9599 | Lair:1   | Noticed an elephant
  9599 | Lair:1   | Noticed an elephant
  9600 | Lair:1   | Noticed an elephant
  9640 | Lair:1   | Killed an elephant
  9640 | Lair:1   | Noticed a cane toad
  9641 | Lair:1   | Reached XP level 11. HP: 112/120 MP: 14/14
  9872 | Lair:1   | Reached skill level 5 in Dodging
 10133 | Lair:1   | Reached skill level 5 in Invocations
 10358 | Lair:1   | Reached skill level 12 in Fighting
 10774 | Lair:1   | Received a gift from Nemelex Xobeh
 10962 | Lair:2   | Noticed a lindwurm
 10980 | Lair:1   | Slain by a hell rat

Illustrated notes

Levels and vault maps discovered:
D:1:      dpeg_arrival_tiny_k, layout_rooms,
          shapermc_ecumenical_altar_hornbeckon
D:2:      layout_loops_corners, minivault_25, chequers_serial_rivers_small_b
D:3:      layout_loops_corners, gammafunk_ghost_nasty_kobolds
D:4:      layout_loops_ring, mainiacjoe_overflow_surrounded_room
D:5:      layout_loops_ring, makhleb_altar_promises_db
D:6:      nicolae_cairo_tiling, layout_gridville,
          minmay_temple_entry_proselytizer, serial_shops,
          nicolae_shop_real_fake_doors, patterned_corridor
D:7:      layout_cave_pods, minivault_25, uniq_pikel
D:8:      layout_rooms, moated_statue, nicolae_stop_n_shop_1
D:9:      layout_roguey, lair_entry_dummy, minmay_orc_entry_guard_dogs,
          hex_large
Temple:   mainiacjoe_temple_big_plus
Lair:1:   layout_hall_layers
Lair:2:   layout_loops_ring, elwin_shoals_entry_rocks,
          nicolae_snake_entry_squirm, gauntlet_entry_generic,
          beast_lair_carwin_3

Skill      XL: |  1  2  3  4  5  6  7  8  9 10 11 |
---------------+----------------------------------+-----
Fighting       | 3 4 5 6 7 9 11 12 | 12.2
Dodging        | 3 4 5 |  5.3
Axes           | 4 5 6 7 9 10 | 10.2
Throwing       | 3 4 5 7 8 |  8.8
Armour         | 1 3 |  3.0
Invocations    | 2 4 5 |  5.5
Maces & Flails | 1 2 |  2.9

Action                     |  1- 3 |  4- 6 |  7- 9 | 10-12 || total
---------------------------+-------+-------+-------+-------++-------
  Melee: War axe           |   130 |   116 |   312 |    25 ||   583
         Punch             |     1 |     1 |     5 |     1 ||     8
         Whip              |       |       |       |   104 ||   104
  Throw: Boomerang         |       |     1 |    32 |    43 ||    76
         Large rock        |       |       |       |    14 ||    14
         Throwing net      |       |       |       |     1 ||     1
 Invoke: Draw Summoning    |       |     2 |       |       ||     2
         Draw Destruction  |       |       |    12 |    11 ||    23
         Draw Escape       |       |       |       |     2 ||     2
         Triple Draw       |       |       |       |     2 ||     2
    Use: Scroll            |     3 |     6 |     4 |     2 ||    15
         Potion            |       |       |     1 |       ||     1
   Stab: Sleeping          |     1 |     1 |       |       ||     2
 Armour: Robe              |    47 |    10 |       |     3 ||    60
         Fire dragon scale |       |    78 |   219 |    89 ||   386
  Dodge: Dodged            |    88 |    65 |   152 |    83 ||   388
